 Dungeon Crawl Stone Soup version 0.26-a0-84-g8c18429211 (webtiles) character file.

Game seed: 139478035733208855

25 Gargoyl the Skirmisher (level 2, -4/26 HPs)
             Began as a Centaur Abyssal Knight on June 19, 2020.
             Was a Follower of Lugonu.
             Engulfed by a cloud of flame (18 damage)
             ... on level 1 of the Dungeon.
             The game lasted 00:02:00 (951 turns).

Gargoyl the Skirmisher (Centaur Abyssal Knight)      Turns: 951, Time: 00:02:00

Health: -4/26      AC:  9    Str: 14    XL:     2   Next: 82%
Magic:  3/3        EV:  4    Int: 11    God:    Lugonu [*.....]
Gold:   22         SH:  0    Dex:  8    Spells: 1/1 levels left

rFire    . . .     SeeInvis .   a - +1 hand axe
rCold    + . .     Gourm    .   (no shield)
rNeg     . . .     Faith    .   j - +0 chain mail (curse)
rPois    .         Spirit   .   h - +1 helmet
rElec    .         Reflect  .   (no cloak)
rCorr    .         Harm     .   (no gloves)
MR       .....                  (no barding)
Stlth    ..........             (no amulet)
HPRegen  0.08/turn              d - ring of protection from cold
MPRegen  0.08/turn              (no ring)

@: very quick
A: large, hooves 3, deformed body, speed 2, tough skin 3
a: Depart the Abyss, Renounce Religion


You were on level 1 of the Dungeon.
You worshipped Lugonu.
Lugonu was aware of your devotion.
You were not hungry.

You visited 1 branch of the dungeon, and saw 1 of its levels.
You visited the Abyss 1 time.

You collected 22 gold pieces.

Inventory:

Hand Weapons
 a - a +1 hand axe (weapon)
Missiles
 k - 2 silver javelins (quivered)
Armour
 e - a +0 chain mail
 h - a +1 helmet (worn)
 j - a cursed +0 chain mail (worn)
Jewellery
 d - a ring of protection from cold (left hand)
Scrolls
 l - a scroll of teleportation {unknown}
Potions
 b - 3 potions of flight {unknown}
 g - a potion of curing {unknown}
 i - 2 potions of stabbing {unknown}
Comestibles
 c - 2 rations
 f - 2 chunks of flesh


   Skills:
 + Level 3.3 Fighting
 + Level 2.0 Axes
 * Level 1.7 Armour
 * Level 1.0 Dodging
 * Level 2.2 Invocations


You had one spell level left.
You didn't know any spells.
Your spell library was empty.

Dungeon Overview and Level Annotations

Branches:
Dungeon (1/15)

Altars:


Innate Abilities, Weirdness & Mutations

You have hooves in place of feet.
Armour fits poorly on your strangely shaped body.
You cover ground very quickly.
You have extremely tough skin. (AC +3)


Message History

A giant cockroach is nearby!
You hit the giant cockroach.
You kill the giant cockroach!
Lugonu accepts your kill.
You see here a giant cockroach corpse.
Some of the chunks of flesh in your inventory have rotted away.
You butcher the giant cockroach corpse.
f - 4 chunks of flesh (gained 1) Some of the chunks of flesh in your inventory have rotted away.
You see here a +0 leather armour.
Some of the chunks of flesh in your inventory have rotted away.
Key pressed, stopping explore.
You see here a scale mail.
Partly explored, can't reach some places.
Really walk into a travel-excluded area?
Really walk into that cloud of flame?
You are engulfed in blazing flames.
You are engulfed in blazing flames.
Ouch! That really hurt!
You die...

.....# #..# #§°°# #..#.#
#### #§○☼# ...#.#
###...##### ...#[#
§☼.....○°..######## ...#.#
....).§☼§........# ..##.#
.(.!.☼☼°..#####.#
.#.#.#######
#...#####.#####.##
#..#.##....# #☼☼.#
#.....#... ####.##....#
#@☼§# #####.###.
..[..##....# #°○§# #.#...
.######....###
#...#########.#.## .#
#......# ##............#.#
.#
#......#######.#########÷#
.# #..............#
#.....# .#
######.........# #.#####
.# #...........#####.# .#
#.#.........##....#


There were no monsters in sight!

Vanquished Creatures
  A ball python (D:1)
  A giant cockroach (D:1)
  5 goblins (D:1)
  2 hobgoblins (D:1)
  4 jackals (D:1)
  5 bats (D:1)
  2 kobolds (D:1)
  3 rats (D:1)
23 creatures vanquished.

Vanquished Creatures (others)
  A dart slug (D:1)
  A hobgoblin (D:1)
  A kobold (D:1)
3 creatures vanquished.

Grand Total: 26 creatures vanquished

Notes
Turn   | Place    | Note
-------+----------+-------------------------------------------
     0 | Abyss:1  | Gargoyl the Centaur Abyssal Knight began the quest for the
                  | Orb.
     0 | Abyss:1  | Reached XP level 1. HP: 19/19 MP: 2/2
    52 | Abyss:2  | Noticed a bone dragon
    80 | Abyss:2  | Noticed a spatial vortex
    81 | Abyss:2  | Noticed a spatial maelstrom
    82 | Abyss:2  | Noticed a spatial vortex
    83 | Abyss:2  | Noticed a spatial vortex
    85 | Abyss:2  | Noticed a spatial vortex
    88 | Abyss:2  | Noticed a spatial vortex
    91 | Abyss:2  | Noticed a quasit
    95 | Abyss:2  | Noticed a spatial vortex
   101 | D:1      | Escaped the Abyss
   190 | D:1      | Reached * piety under Lugonu
   254 | D:1      | Reached XP level 2. HP: 22/26 MP: 3/3
   517 | D:1      | Reached skill level 1 in Dodging
   951 | D:1      | Engulfed by a cloud of flame

Illustrated notes

Levels and vault maps discovered:
D:1:      matt_arrival_grand_opening, layout_basic, lemuel_flame_loot_1

Skill      XL: |  1  2 |
---------------+-------+-----
Dodging        | 1 |  1.0
Axes           | 2 |  2.0
Fighting       | |  3.3
Armour         | |  1.7
Invocations    | |  2.2

Action                   || total
-------------------------++-------
Melee: Hand axe          ||    53
       Kick              ||     6
Invok: Depart the Abyss  ||     1
Armor: Chain mail        ||    79
Dodge: Dodged            ||    23

Table legend:
 A = Non-vault XP
 B = Vault XP
 C = Vault XP percentage of total XP
 D = Non-vault monster count
 E = Vault monster count
 F = Vault count percentage of total count
                 A         B        C        D         E       F
            +---------+---------+-------+---------+---------+-------
      Total |      36 |       0 |   0.0 |      23 |       0 |   0.0
            +---------+---------+-------+---------+---------+-------
        D:1 |      36 |       0 |   0.0 |      23 |       0 |   0.0
            +---------+---------+-------+---------+---------+-------
